 Dungeon Crawl Stone Soup version 0.24-a0-381-g637bb38 (webtiles) character file.

Game seed: 5237676445754548222

83 topirishpotato the Cutter (level 4, -6/33 HPs)
             Began as a Demonspawn Assassin on June 3, 2019.
             Was an Initiate of Nemelex Xobeh.
             Mangled by a wyvern (11 damage)
             ... summoned by the player character
             ... on level 3 of the Dungeon.
             The game lasted 00:03:13 (2143 turns).

topirishpotato the Cutter (Demonspawn Assassin)     Turns: 2143, Time: 00:03:14

Health: -6/33      AC:  4    Str: 12    XL:     4   Next: 22%
Magic:  4/4        EV: 11    Int: 13    God:    Nemelex Xobeh [......]
Gold:   134        SH:  0    Dex: 14    Spells: 3/3 levels left

rFire    . . .     SeeInvis .   a - +2 dagger
rCold    . . .     Gourm    .   (no shield)
rNeg     . . .     Faith    +   p - +0 leather armour
rPois    .         Spirit   .   (no helmet)
rElec    .         Reflect  .   c - +0 cloak
rCorr    .         Harm     .   (no gloves)
MR       +....                  (no boots)
Stlth    ++........             s - amulet of faith
HPRegen  0.11/turn              r - ring of protection from magic
MPRegen  0.09/turn              (no ring)

@: no status effects
A: talons 1, powered by death 1
a: Draw Escape, Draw Destruction, Draw Summoning, Renounce Religion


You were on level 3 of the Dungeon.
You worshipped Nemelex Xobeh.
Nemelex Xobeh was noncommittal.
You were hungry.

You visited 1 branch of the dungeon, and saw 3 of its levels.

You collected 134 gold pieces.

Inventory:

Hand Weapons
 a - a +2 dagger (weapon)
Missiles
 d - 14 poisoned darts (quivered)
 e - 2 curare-tipped darts
Armour
 b - a +0 robe
 c - a +0 cloak (worn)
 p - a +0 leather armour (worn)
Jewellery
 r - a ring of protection from magic (left hand)
 s - an amulet of faith (around neck)
Wands
 t - a wand of digging (4)
Scrolls
 g - a scroll of random uselessness {unknown}
 h - 2 scrolls of amnesia {unknown}
 i - 3 scrolls of remove curse {unknown}
 j - 3 scrolls of fear {unknown}
 l - 6 scrolls of identify {unknown}
 m - a scroll of enchant armour {unknown}
 n - a scroll of teleportation {unknown}
 q - a scroll of enchant weapon {unknown}
Potions
 k - a potion of lignification {unknown}
 o - a potion of curing {unknown}
Comestibles
 f - 4 rations


   Skills:
 - Level 2.0 Fighting
 + Level 4.1 Short Blades
 - Level 1.7 Throwing
 - Level 0.8 Dodging
 - Level 3.6 Stealth


You had 3 spell levels left.
You didn't know any spells.
Your spell library was empty.

Dungeon Overview and Level Annotations

Branches:
Dungeon (3/15)

Altars:
Ashenzari
Dithmenos
Nemelex Xobeh

Annotations:
D:3 1 runed translucent door, Grinder; scarywalker64's ghost, weakling DgWz


Innate Abilities, Weirdness & Mutations

You have sharp toenails.
You regenerate a little health from kills.


Message History

The wyvern closely misses you. x2; Your wyvern barely misses the wyvern.
Grinder gestures at you. You resist with some effort.
You swap places.
Your wyvern barely misses the wyvern.
Your wyvern bites the wyvern!
The wyvern bites you! The bat misses you. Grinder closely misses your wyvern.
You swap places.
The bat barely misses your wyvern. The wyvern closely misses you.
The wyvern misses you.
Your wyvern bites the wyvern!!
Your wyvern bites the wyvern!
The wyvern dies!
The wyvern's corpse disappears in a puff of smoke!
The wyvern bites you!
* * * LOW HITPOINT WARNING * * *
Your wyvern bites the wyvern.
There is a stone staircase leading down, spattered with blood here.
Scarywalker64's ghost turns its malevolent gaze towards you.
Your wyvern bites the wyvern!
The bat barely misses your wyvern. The wyvern bites you!
You die...
Your body disappears without a glow.

###.##.#####.####
#.W.#..........#...
#.≈.##.#.##.##.....
#.≈.##.#.##.##.#...
#.≈.#.......##.#...
#.≈.#.########<#..#
##+##.## #.#...
#......# #.....
##@#...# ###..#
#.ll..# #...
###l..# ##.# #5b.#
#... #.h.# #.#.
......h........
.....b......$..
..<............
.#####...######


You could see Grinder, a wyvern, scarywalker64's ghost, a jackal, a bat and 2
friendly wyverns.

Vanquished Creatures
  2 adders (D:2)
  An ooze (D:1)
  2 dart slugs
  3 giant cockroaches (D:1)
  7 goblins
  8 hobgoblins
  4 jackals
  2 quokkas (D:2)
  6 bats
  3 frilled lizards
  7 kobolds
  5 rats
50 creatures vanquished.

Vanquished Creatures (collateral kills)
  A giant cockroach (D:3)
1 creature vanquished.

Vanquished Creatures (others)
  A goblin (D:2)
1 creature vanquished.

Grand Total: 52 creatures vanquished

Notes
Turn   | Place    | Note
-------+----------+-------------------------------------------
     0 | D:1      | topirishpotato the Demonspawn Assassin began the quest for
                  | the Orb.
     0 | D:1      | Reached XP level 1. HP: 16/16 MP: 1/1
    32 | D:1      | Reached skill level 2 in Short Blades
   489 | D:1      | Gained mutation: You have sharp toenails. [demonic
                  | ancestry]
   489 | D:1      | Reached XP level 2. HP: 10/22 MP: 2/2
   966 | D:1      | Reached skill level 3 in Short Blades
  1231 | D:1      | Found a sparkling altar of Nemelex Xobeh.
  1346 | D:1      | Became a worshipper of Nemelex Xobeh the Trickster
  1378 | D:2      | Reached XP level 3. HP: 25/27 MP: 3/3
  1418 | D:2      | Found a shattered altar of Ashenzari.
  1589 | D:2      | Found a shadowy altar of Dithmenos.
  1639 | D:2      | Received a gift from Nemelex Xobeh
  1682 | D:2      | Gained mutation: You regenerate a little health from kills.
                  | [demonic ancestry]
  1682 | D:2      | Reached XP level 4. HP: 32/33 MP: 4/4
  1699 | D:2      | Reached skill level 4 in Short Blades
  2132 | D:3      | Found a runed translucent door.
  2136 | D:3      | Noticed Grinder
  2138 | D:3      | Noticed a wyvern
  2138 | D:3      | Noticed a wyvern
  2143 | D:3      | Noticed scarywalker64's ghost (weakling DgWz)
  2143 | D:3      | Mangled by a wyvern

Levels and vault maps discovered:
D:1:      psy_arrival_radial02, layout_basic, nemelex_diamond_rough_becter
D:2:      layout_loops_cross, lemuel_crystal_altar,
          grunt_dithmenos_smoke_and_mirrors
D:3:      layout_loops_cross, nicolae_overflow_hidden_temple,
          nicolae_overflow_crystal_walls, ebering_ghost_reflecting_pool,
          minivault_26, grunt_ministairs_10, uniq_grinder, uniq_natasha

Skill      XL: |  1  2  3  4 |
---------------+-------------+-----
Short Blades   | 2 3 4 |  4.1
Fighting       | |  2.0
Throwing       | |  1.7
Dodging        | |  0.8
Stealth        | |  3.6

Action                   |  1- 3 |  4- 6 || total
-------------------------+-------+-------++-------
Melee: Dagger            |   119 |    21 ||   140
       Kick              |    13 |     3 ||    16
 Abil: Draw Destruction  |     1 |     6 ||     7
       Draw Summoning    |       |     2 ||     2
 Stab: Sleeping          |    10 |     1 ||    11
  Eat: Chunk             |     2 |     1 ||     3
Armor: Robe              |    14 |       ||    14
       Leather armour    |    11 |    10 ||    21
Dodge: Dodged            |    55 |    17 ||    72

Table legend:
 A = Non-vault XP
 B = Vault XP
 C = Vault XP percentage of total XP
 D = Non-vault monster count
 E = Vault monster count
 F = Vault count percentage of total count
                 A         B        C        D         E       F
            +---------+---------+-------+---------+---------+-------
      Total |     119 |       0 |   0.0 |      52 |       0 |   0.0
            +---------+---------+-------+---------+---------+-------
        D:1 |      39 |       0 |   0.0 |      19 |       0 |   0.0
        D:2 |      68 |       0 |   0.0 |      26 |       0 |   0.0
        D:3 |      12 |       0 |   0.0 |       7 |       0 |   0.0
            +---------+---------+-------+---------+---------+-------
